 Dungeon Crawl Stone Soup version 0.31.0-11-ge490571c62 (webtiles) character file.

Game seed: 2472166300519054808

84 Marvel the Cudgeller (level 4, -2/44 HPs)
             Began as a Troll Berserker on Feb 7, 2024.
             Was a Believer of Trog.
             Slain by an orc
             ... wielding a +0 flail
              (9 damage)
             ... on level 3 of the Dungeon.
             The game lasted 00:01:24 (1443 turns).

Marvel the Cudgeller (Troll Berserker)              Turns: 1443, Time: 00:01:25

Health: -2/44      AC:  4    Str: 27    XL:     4   Next: 24%
Magic:  3/3        EV: 10    Int:  3    God:    Trog [**....]
Gold:   67         SH:  0    Dex:  9    Spells: 3/3 levels left

rFire   . . .        a - +0 mace
rCold   . . .        (no shield)
rNeg    . . .        b - +0 animal skin
rPois   .            (helmet restricted)
rElec   .            (no cloak)
rCorr   .            (gloves unavailable)
SInv    .            (boots unavailable)
Will    .....        (no amulet)
Stlth   +            (no ring)
HPRegen 1.07/turn    (no ring)
MPRegen 0.08/turn

%: no passive effects
@: mighty, on berserk cooldown, slowed, very slow
A: large, unfitting armour, claws 3, regeneration 1, shaggy fur 1, tough skin 1
a: Renounce Religion, Berserk, Trog's Hand


You were on level 3 of the Dungeon.
You worshipped Trog.
Trog was pleased with you.
You visited 1 branch of the dungeon, and saw 3 of its levels.

You collected 67 gold pieces.

Inventory:

Hand Weapons
 a - a +0 mace (weapon)
Armour
 b - a +0 animal skin (worn)
Scrolls
 c - 3 scrolls of immolation {unknown}
 d - 2 scrolls of identify {unknown}
 i - a scroll of noise {unknown}
 j - a scroll of revelation {unknown}
Potions
 e - a potion of brilliance {unknown}
 f - a potion of curing {unknown}
 g - a potion of berserk rage {unknown}
 h - a potion of might


   Skills:
 + Level 2.9 Fighting
 + Level 3.9 Maces & Flails
 + Level 2.9 Dodging


You had 3 spell levels left.
You didn't know any spells.
Your spell library was empty.

Dungeon Overview and Level Annotations

Branches:
Dungeon (3/15)

Altars:


Innate Abilities, Weirdness & Mutations

You are too large for most types of armour.
You have claws for hands.
Your natural rate of healing is unusually fast.
You are covered in fur. (AC +1)
You have tough skin. (AC +1)


Message History

You barely miss the orc.
The orc is heavily wounded.
The orc barely misses you.
The orc hits you with a +2 mace of holy wrath.
* * * LOW HITPOINT WARNING * * *
You closely miss the orc.
The orc is heavily wounded.
The orc hits you but does no damage.
The orc hits you with a +2 mace of holy wrath.
* * * LOW HITPOINT WARNING * * *
You barely miss the orc.
The orc is heavily wounded.
The orc barely misses you.
The orc hits you with a +2 mace of holy wrath!
* * * LOW HITPOINT WARNING * * *
You feel a strong urge to attack something.
You are no longer berserk.
You are exhausted.
You feel yourself slow down. The orc attacks as it pursues you!
The orc barely misses you. The orc closely misses you.
There is a stone staircase leading down here.
The orc barely misses you.
The orc hits you with a +2 mace of holy wrath!
* * * LOW HITPOINT WARNING * * *
The orc hits you with a +0 flail.
* * * LOW HITPOINT WARNING * * *
It was a potion of might.
You feel very mighty all of a sudden. The orc hits you with a +0 flail.
* * * LOW HITPOINT WARNING * * *
You closely miss the orc.
The orc is heavily wounded.
The orc closely misses you. The orc barely misses you.
You closely miss the orc.
The orc is heavily wounded.
The orc hits you with a +0 flail.
* * * LOW HITPOINT WARNING * * *
The orc hits you with a +0 flail!
You die...

#....####.#.#........
#.........#.'........
#.........#.#........
#...#####.#.#o.......
##### #.#.#........
########'#.######...
#..........# ..
#.........o#####....
#.........oo@......#
#.........##########
#........(#
#.........#
#..........
#.......<... ######.
#.


You could see 3 orcs.

Vanquished Creatures
  A gnoll (D:1)
  2 adders (D:2)
  5 dart slugs
  An orc (D:3)
  7 bats
  5 endoplasms
  3 giant cockroaches
  2 hobgoblins
  2 jackals (D:1)
  3 kobolds
  2 quokkas
  3 ball pythons
  2 frilled lizards (D:1)
  3 goblins (D:1)
  6 rats
47 creatures vanquished.

Notes
Turn   | Place    | Note
-------+----------+-------------------------------------------
     0 | D:1      | Marvel the Troll Berserker began the quest for the Orb.
     0 | D:1      | Reached XP level 1. HP: 22/22 MP: 0/0
    47 | D:1      | Reached skill level 3 in Maces & Flails
    47 | D:1      | Reached XP level 2. HP: 20/29 MP: 1/1
   179 | D:1      | Reached XP level 3. HP: 35/36 MP: 2/2
   249 | D:1      | Reached ** piety under Trog
   766 | D:2      | Reached XP level 4. HP: 44/44 MP: 3/3
  1443 | D:3      | Slain by an orc

Illustrated notes

Levels and vault maps discovered:
D:1:      spicycebolla_arrival_ecumenical, layout_basic, nrook_campfire,
          st_stairs_14
D:2:      layout_loops_corners, hangedman_decor_slide_cut,
          minmay_misc_feat_enclosed
D:3:      minmay_octagon_keep, layout_basic, chequers_serial_rivers_small_3,
          minmay_misc_feat_secret_circle, uniq_crazy_yiuf_cottage

Skill      XL: |  1 |
---------------+----+-----
Maces & Flails | 3 |  3.9
Fighting       | |  2.9
Dodging        | |  2.9

Action                     |  1- 3 |  4- 6 || total
---------------------------+-------+-------++-------
  Melee: Mace              |   119 |    33 ||   152
 Invoke: Berserk           |       |     1 ||     1
    Use: Potion            |       |     1 ||     1
 Armour: Animal skin       |   101 |    29 ||   130
  Dodge: Dodged            |    94 |    38 ||   132
